AoeStats
← Murdock

Coastal Forest

510283014Analyzed
3v3 RM · 2d ago on Sep 30, 2026· 23m 45s· 6 players
Game mode
Random Map
Map size
Normal (6 player)
Population
200
Speed
Normal
Resources
Standard
Victory
Conquest
Starting age
Dark Age
Ending age
Imperial Age
RankedLock teamsTeams togetherTeam positionsShared explorationLock speedFull tech treeHidden civsTurbo modeCheats
Victory
Defeat
🇻🇳 Vikings · Vietnam
1324
+13
1278
+15
🇩🇪 Celts · Germany
1276
+15
🇩🇪 Turks · Germany
1343
-19
🇦🇺 Burgundians · Australia
1224
-13
🇺🇸 Franks · United States
1184
-11
魔鬼我在索马里
6:51 Loom
9:41 Feudal Age
10:23 Double-Bit Axe
12:15 Forging
11:53 Horse Collar
13:35 Scale Barding Armor
23:04 Castle Age
21:44 Bloodlines
21:27 Gold Mining
23:23 Light Cavalry
24:40 Iron Casting
24:26 Chain Barding Armor
WallyGoodberg
10:59 Feudal Age
9:15 Loom
12:33 Double-Bit Axe
15:08 Castle Age
13:26 Stone Mining
13:36 Fishing Lines
16:18 Bow Saw
16:06 Horse Collar
16:19 Gillnets
17:27 Wheelbarrow
16:37 Town Watch
17:25 Heavy Plow
19:45 Scale Mail Armor
21:57 Chain Mail Armor
23:56 Forging
bina
6:30 Loom
8:50 Feudal Age
9:21 Double-Bit Axe
13:35 Fletching
19:34 Horse Collar
23:32 Padded Archer Armor
25:41 Castle Age
BRosi
7:28 Loom
10:09 Feudal Age
10:52 Double-Bit Axe
16:53 Scale Barding Armor
18:43 Horse Collar
19:46 Bloodlines
21:26 Wheelbarrow
24:29 Castle Age
Cowardpunch
10:51 Feudal Age
11:13 Loom
12:46 Double-Bit Axe
17:59 Scale Barding Armor
24:03 Castle Age
Murdock
1:27 Loom
8:54 Loom
11:01 Feudal Age
9:18 Loom
12:14 Double-Bit Axe
18:33 Castle Age
17:20 Scale Barding Armor
18:03 Forging
19:11 Gold Mining
20:02 Husbandry
22:19 Wheelbarrow
Connection lost

Rejoining the realm…

Still unreachable

The connection could not be restored.

Session expired

The server has moved on; the page needs a fresh start.